 Dungeon Crawl Stone Soup version 0.28.0-47-ge53b351184 (webtiles) character file.

Game seed: 3251088354105431701

172 101zpm the Magician (level 5, 0/36 HPs)
             Began as a Djinni Ice Elementalist on Apr 26, 2022.
             Slain by a water moccasin zombie (7 damage)
             ... on level 5 of the Dungeon.
             The game lasted 00:04:37 (3768 turns).

101zpm the Magician (Djinni Ice Elementalist)       Turns: 3768, Time: 00:04:37

Health: 0/36       AC:  2    Str:  7    XL:     5   Next: 82%
Gold:   59         EV: 12    Int: 18    God:
                   SH:  0    Dex: 14

rFire   + + .      SeeInvis .   (no weapon)
rCold   x . .      Faith    .   (no shield)
rNeg    . . .      Spirit   .   a - +0 robe
rPois   ∞          Reflect  .   (no helmet)
rElec   .          Harm     .   (no cloak)
rCorr   .          Rampage  .   (no gloves)
Will    .....                   (boots unavailable)
Stlth   ++........              (no amulet)
HPRegen 0.12/turn               (no ring)
MPRegen 0.00/turn               (no ring)

@: flying
A: sickness immunity, fire resistance 2, cold vulnerability 1, float, innate
caster, HP casting, extra vitality 1
a: no special abilities


You were on level 5 of the Dungeon.
You visited 1 branch of the dungeon, and saw 6 of its levels.

You collected 59 gold pieces.

Inventory:

Armour
 a - a +0 robe (worn)
Scrolls
 b - 5 scrolls of identify {unknown}
 d - a scroll of acquirement {unknown}
 e - a scroll of teleportation {unknown}
 f - a scroll of noise {unknown}
 g - 2 scrolls of immolation {unknown}
Potions
 c - a potion of curing {unknown}


   Skills:
 + Level 0.4 Fighting
 + Level 2.5 Dodging
 + Level 2.3 Stealth
 + Level 4.8 Spellcasting


You couldn't memorise any spells.
You knew the following spells:

 Your Spells              Type           Power      Damage    Failure   Level
a - Freeze                Ice            84%        1d10      1%          1
b - Frozen Ramparts       Ice            42%        1d6       5%          3
c - Ozocubu's Armour      Ice            21%        N/A       5%          3
d - Hailstorm             Conj/Ice       21%        3d6       19%         4
e - Beastly Appendage     Tmut           42%        N/A       1%          1
f - Passwall              Tmut/Erth      17%        N/A       2%          2
Your spell library was empty.

Dungeon Overview and Level Annotations

Branches:
Dungeon (6/15)
 Temple: D:4-7

Altars:

Shops:
D:2 *   D:3 ?   D:5 (


Innate Abilities, Weirdness & Mutations

You are immune to sickness and miasma.
You are immune to poison.
Your flesh is very heat resistant. (rF++)
You are vulnerable to cold. (rC-)
You float through the air rather than walking.
You learn spells naturally, not from books.
Your magical power is your life essence.
You have superior vitality. (+4 MHP)


Message History

A water moccasin zombie comes into view.
The goblin throws a boomerang.
The boomerang hits you.
Found a book of the Hunter.
The goblin throws a boomerang.
The boomerang hits you.
The goblin throws a boomerang.
The boomerang closely misses you.
The goblin throws a boomerang.
The boomerang closely misses you.
The goblin throws a boomerang.
The boomerang hits you.
You are too injured to fight recklessly!
The goblin hits you with a +0 dagger.
You are too injured to fight recklessly!
You are too injured to fight recklessly!
Aiming: Freeze (safe; 1% risk of failure)
Press: ? - help, Q - select action, (/) - cycle Shift-Dir - straight line, f - goblin
Aim: a goblin, wielding a +0 dagger and quivering boomerangs You freeze the goblin.
The goblin is moderately wounded.
The goblin hits you with a +0 dagger.
Aiming: Freeze (safe; 1% risk of failure)
Press: ? - help, Q - select action, (/) - cycle Shift-Dir - straight line, f/p - goblin
Aim: a goblin, wielding a +0 dagger and quivering boomerangs (moderately wounded)
You freeze the goblin.
You kill the goblin!
The water moccasin zombie bites you.
* * * LOW HITPOINT WARNING * * *
Aiming: Freeze (safe; 1% risk of failure)
Press: ? - help, Q - select action, (/) - cycle Shift-Dir - straight line, f - water moccasin zombie
Aim: a water moccasin zombie You freeze the water moccasin zombie.
The water moccasin zombie resists.
The water moccasin zombie is lightly damaged.
* * * LOW HITPOINT WARNING * * *
The water moccasin zombie bites you but does no damage.
Unknown command.
Aiming: Freeze (safe; 1% risk of failure)
Press: ? - help, Q - select action, (/) - cycle Shift-Dir - straight line, f/p - water moccasin zombie
Aim: a water moccasin zombie (lightly damaged)
Okay, then.
The water moccasin zombie closely misses you.
The water moccasin zombie completely misses you.
The water moccasin zombie bites you!
You die...

............###...###l..#
.:............##... #.#..
#...............##... ..
#. #...............#.. ##
. #................. o
#...............#
..........∩..)..#
#..........Z..#
#....(#..@..##
###.>...#.## #####......
..####.# ..## .# ### .. #


You could see a water moccasin zombie.

Vanquished Creatures
  2 hounds (D:3)
  An iguana (D:4)
  A gnoll (D:3)
  2 adders
  A worm (D:3)
  2 orcs
  6 ball pythons
  6 endoplasms
  3 giant cockroaches
  7 hobgoblins
  4 jackals (D:1)
  A kobold (D:1)
  4 quokkas
  4 bats
  4 frilled lizards
  3 goblins
  2 rats
53 creatures vanquished.

Notes
Turn   | Place    | Note
-------+----------+-------------------------------------------
     0 | D:1      | 101zpm the Djinni Ice Elementalist began the quest for the
                  | Orb.
     0 | D:1      | Reached XP level 1. HP: 15/15 MP: 0/0
   231 | D:1      | Reached XP level 2. HP: 14/21 MP: 0/0
   910 | D:1      | Reached XP level 3. HP: 24/25 MP: 0/0
   910 | D:1      | Learned a level 1 spell: Beastly Appendage
  1087 | D:1      | Found a faded altar of an unknown god.
  1431 | D:3      | Found Pyciothri's Magic Scroll Emporium.
  1734 | D:3      | Reached skill level 4 in Spellcasting
  1926 | D:3      | Reached XP level 4. HP: 19/31 MP: 0/0
  2227 | D:3      | Reached XP level 5. HP: 12/35 MP: 0/0
  2227 | D:3      | Learned a level 2 spell: Passwall
  2844 | D:2      | Found Lothruicw's Assorted Antiques.
  3603 | D:4      | Noticed a black bear
  3616 | D:5      | Entered Level 5 of the Dungeon
  3758 | D:5      | Found Lisoulyt's Antique Weapon Shoppe.
  3768 | D:5      | Slain by a water moccasin zombie

Illustrated notes

Levels and vault maps discovered:
D:1:      psy_arrival_heroes, layout_basic,
          shapermc_ecumenical_altar_mp_ritualfount
D:2:      layout_loops_ring, serial_shops, nicolae_shop_window_shopping
D:3:      layout_basic, serial_shops, shop, cheibrodos_gnoll_hut
D:4:      gammafunk_wand_slinger, layout_basic, cheibrodos_worm_habitat,
          minmay_lizard_king
D:5:      layout_rooms, serial_shops, shop
D:6:      layout_gridville, nicolae_qazlal_scattered_showers,
          minmay_temple_entry_slanted, minivault_19,
          minmay_misc_feat_four_crosses

Skill      XL: |  1  2  3 |
---------------+----------+-----
Stealth        | 2 |  2.3
Spellcasting   | 4 |  4.8
Fighting       | |  0.4
Dodging        | |  2.5

Action                   |  1- 3 |  4- 6 || total
-------------------------+-------+-------++-------
Melee: Unarmed           |     4 |     2 ||     6
 Cast: Freeze            |    56 |    41 ||    97
Armor: Robe              |     9 |     5 ||    14
Dodge: Dodged            |    28 |    36 ||    64
